 Dungeon Crawl Stone Soup version 0.30.1 (webtiles) character file.

Game seed: 773422580765129586

28 jtron the Chucker (level 3, 0/25 HPs)
             Began as a Gnoll Wanderer on July 12, 2023.
             Shot with a sling bullet by a hobgoblin (7 damage)
             ... on level 2 of the Dungeon.
             The game lasted 00:02:58 (1101 turns).

jtron the Chucker (Gnoll Wanderer)                  Turns: 1101, Time: 00:03:00

Health: 0/25       AC:  2    Str:  9    XL:     3   Next: 14%
Magic:  7/7        EV: 12    Int: 13    God:
Gold:   97         SH:  0    Dex: 13    Spells: 6/7 levels left

rFire   . . .        a - +2 dagger
rCold   . . .        (no shield)
rNeg    . . .        e - +0 robe
rPois   .            (no helmet)
rElec   .            (no cloak)
rCorr   .            (no gloves)
SInv    .            (no boots)
Will    .....        (no amulet)
Stlth   ++           (no ring)
HPRegen 0.24/turn    (no ring)
MPRegen 0.10/turn

%: no passive effects
@: lethally poisoned (0 -> -3)
A: fangs 1, strong nose, distributed training
a: no special abilities


You were on level 2 of the Dungeon.
You visited 1 branch of the dungeon, and saw 2 of its levels.

You collected 97 gold pieces.

Inventory:

Hand Weapons
 a - a +2 dagger (weapon)
 b - a +0 sling
Missiles
 f - 4 datura-tipped darts
 g - a curare-tipped dart (quivered)
 i - 9 stones
Armour
 e - a +0 robe (worn)
Wands
 c - a wand of flame (4)
Scrolls
 h - a scroll of fog {unknown}
Potions
 d - a potion of lignification


   Skills:
 + Level 0.7 Fighting
 + Level 0.7 Short Blades
 + Level 0.7 Long Blades
 + Level 0.7 Axes
 + Level 0.7 Maces & Flails
 + Level 0.7 Polearms
 + Level 0.7 Staves
 + Level 0.7 Ranged Weapons
 + Level 6.5 Throwing
 + Level 4.5 Armour
 + Level 2.6 Dodging
 + Level 2.3 Stealth
 + Level 0.7 Shields
 + Level 0.7 Unarmed Combat
 + Level 2.8 Spellcasting
 + Level 0.5 Conjurations
 + Level 0.5 Hexes
 + Level 0.5 Summonings
 + Level 0.5 Necromancy
 + Level 0.5 Translocations
 + Level 0.5 Transmutations
 + Level 2.1 Fire Magic
 + Level 0.5 Ice Magic
 + Level 0.5 Air Magic
 + Level 0.5 Earth Magic
 + Level 0.5 Poison Magic
 + Level 0.9 Invocations
 + Level 2.6 Evocations


You had 6 spell levels left.
You knew the following spells:

 Your Spells              Type           Power      Damage    Failure   Level
a - Foxfire               Conj/Fire      20%        2x1d5     14%         1

Your spell library contained the following spells:

 Spells                   Type           Power      Damage    Failure   Level
 Ignite Poison            Fire/Tmut/Pois 4%         N/A       41%         3


Dungeon Overview and Level Annotations

Branches:
Dungeon (2/15)

Altars:

Shops:
D:1 =


Innate Abilities, Weirdness & Mutations

You have very sharp teeth.
Your uncanny sense of smell can sniff out nearby items.
Your experience applies equally to all skills.


Message History

a curare-tipped dart; a dart slug corpse
g - a curare-tipped dart The hobgoblin shoots a sling bullet.
The sling bullet hits you but does no damage.
Found 2 poisoned darts.
You see here 9 stones.
i - 9 stones The hobgoblin shoots a sling bullet.
The sling bullet hits you.
The helpless adder fails to defend itself.
You hit the adder.
The adder is heavily wounded.
The adder closely misses you.
The hobgoblin shoots a sling bullet.
The sling bullet hits you!
You barely miss the adder.
The adder is heavily wounded.
The adder bites you.
The hobgoblin shoots a sling bullet.
The sling bullet barely misses you.
You barely miss the adder.
The adder is heavily wounded.
The adder bites you.
The hobgoblin shoots a sling bullet.
The sling bullet barely misses you. The adder closely misses you.
You barely miss the adder.
The adder is heavily wounded.
The adder bites you.
The hobgoblin shoots a sling bullet.
The sling bullet closely misses you.
You hit the adder but do no damage.
The adder is heavily wounded.
The adder completely misses you.
The hobgoblin shoots a sling bullet.
The sling bullet closely misses you.
Okay, then.
The adder bites you but does no damage.
The hobgoblin shoots a sling bullet.
The sling bullet barely misses you.
You hit the adder. You bite the adder, but do no damage.
The adder is heavily wounded.
The adder bites you.
You are poisoned.
The adder poisons you! The adder bites you.
* * * LOW HITPOINT WARNING * * *
The hobgoblin shoots a sling bullet.
The sling bullet hits you!
You die...

#.# #.# #.#
#.# #.# #.#
###########.#
#.......S.#.#
#......@..#.#
#.........#.#
#........†#.#
#.........#.#
#.........#.##
#(...........#
.......###...#
######. #g..#
#. ##.##


You could see an adder and a hobgoblin.

Vanquished Creatures
  2 dart slugs
  A ball python (D:1)
  4 endoplasms (D:1)
  A giant cockroach (D:1)
  2 hobgoblins
  2 jackals (D:1)
  3 kobolds (D:1)
  2 quokkas (D:1)
  2 bats (D:1)
  A frilled lizard (D:1)
  A rat (D:1)
21 creatures vanquished.

Notes
Turn   | Place    | Note
-------+----------+-------------------------------------------
     0 | D:1      | jtron the Gnoll Wanderer began the quest for the Orb.
     0 | D:1      | jtron set off with the following items: a +2 dagger, 2
                  | curare-tipped darts, a wand of flame (4), a potion of
                  | lignification, a +0 robe; and the following spell
                  | memorised: Foxfire; and the following spells available to
                  | memorise: Ignite Poison.
     0 | D:1      | Reached XP level 1. HP: 13/13 MP: 4/4
   207 | D:1      | Reached XP level 2. HP: 19/19 MP: 5/5
   454 | D:1      | Found Leubom's Jewellery Shoppe.
   700 | D:1      | Found a faded altar of an unknown god.
   837 | D:1      | Reached XP level 3. HP: 23/25 MP: 7/7
  1101 | D:2      | Shot with a sling bullet by a hobgoblin

Illustrated notes

Levels and vault maps discovered:
D:1:      dpeg_arrival_arbitrary_a, layout_loops_ring, serial_shops, shop,
          hellmonk_ecumenical_altar_heavens_door
D:2:      layout_basic

Skill      XL: |  1 |
---------------+----+-----
Fire Magic     | 2 |  2.1
Fighting       | |  0.7
Short Blades   | |  0.7
Long Blades    | |  0.7
Axes           | |  0.7
Maces & Flails | |  0.7
Polearms       | |  0.7
Staves         | |  0.7
Ranged Weapons | |  0.7
Throwing       | |  6.5
Armour         | |  4.5
Dodging        | |  2.6
Stealth        | |  2.3
Shields        | |  0.7
Unarmed Combat | |  0.7
Spellcasting   | |  2.8
Conjurations   | |  0.5
Hexes          | |  0.5
Summonings     | |  0.5
Necromancy     | |  0.5
Translocations | |  0.5
Transmutations | |  0.5
Ice Magic      | |  0.5
Air Magic      | |  0.5
Earth Magic    | |  0.5
Poison Magic   | |  0.5
Invocations    | |  0.9
Evocations     | |  2.6

Action                     || total
---------------------------++-------
  Melee: Dagger            ||    73
         Bite              ||     5
         Punch             ||     1
   Fire: Sling             ||     2
  Throw: Stone             ||     4
         Dart              ||     9
   Stab: Sleeping          ||     4
 Armour: Robe              ||    16
  Dodge: Dodged            ||    47
